 Dungeon Crawl Stone Soup version 0.31-a0-986-g5e6e4ef867 (webtiles) character file.

Game seed: 11251899863898286957

56987 Firecrotchwizard the Mimic (level 14, 0/67 HPs)
             Began as a Felid Shapeshifter on Nov 5, 2023.
             Was a High Priest of Dithmenos.
             Slain by a vault guard
             ... wielding a +0 glaive
              (13 damage)
             ... on level 13 of the Dungeon.
             The game lasted 01:12:49 (26346 turns).

Firecrotchwizard the Mimic (Felid Shapeshifter)    Turns: 26346, Time: 01:12:50

Health: 0/67       AC:  3    Str: 12    XL:     14   Next: 44%
Magic:  23/23      EV: 28    Int: 18    God:    Dithmenos [*****.]
Gold:   1433       SH:  0    Dex: 23    Spells: 16/23 levels left
                                        Lives:  0   Deaths: 5

rFire   + .          .
                       - Unarmed
rCold   + . .        (shield unavailable)
rNeg    . . .        (body armour unavailable)
rPois   .            (helmet unavailable)
rElec   .            (cloak unavailable)
rCorr   .            (gloves unavailable)
SInv    +            (boots unavailable)
Will    ++...        l - amulet "Qouhuat" {-Cast rF+ Regen+ Str+2 Dex+3}
Stlth   +++++++      M - +6 ring of intelligence
HPRegen 1.11/turn    d - ring of wizardry
MPRegen 0.18/turn

%: no spellcasting, wizardry (x1)
@: beast-form, wreathed by umbra, quick
A: beast (slay +4), very small, claws 1, fangs 3, see invisible, speed 1, shaggy
fur 3, stealthy paws, no weapons or thrown items, no armour, multi-lived
a: Begin Untransformation, Renounce Religion, Shadow Step, Shadow Form


You were on level 13 of the Dungeon.
You worshipped Dithmenos.
Dithmenos was extremely pleased with you.
You were a hulking beast.
You visited 2 branches of the dungeon, and saw 19 of its levels.

You collected 1643 gold pieces.
You spent 210 gold pieces at shops.

Inventory:

Hand Weapons
 E - a +2 spear of venom
Jewellery
 d - a ring of wizardry (right paw)
 l - the amulet "Qouhuat" (around neck) {-Cast rF+ Regen+ Str+2 Dex+3}
   (You acquired it on level 4 of the Dungeon)

   [amulet of regeneration]

   Str+2:     It affects your strength (+2).
   Dex+3:     It affects your dexterity (+3).
   rF+:       It protects you from fire.
   -Cast:     It prevents spellcasting.
   Regen+:    It increases your rate of health regeneration.
 n - the ring "Ramp" {rPois rF- rC+ Int+3}
   (You took it off a spriggan on level 5 of the Lair of Beasts)

   [ring of poison resistance]

   Int+3:     It affects your intelligence (+3).
   rF-:       It makes you vulnerable to fire.
   rC+:       It protects you from cold.
   rPois:     It protects you from poison
 p - a ring of willpower
 v - a ring of protection from fire
 x - a ring of protection from cold
 J - a +6 ring of dexterity
 L - a ring of ice
 M - a +6 ring of intelligence (left paw)
 N - a ring of resist corrosion
 O - a +6 ring of intelligence
 T - a ring of flight
 U - a ring of poison resistance
Talismans
 b - a beast talisman
 c - a flux talisman
 A - a storm talisman
Wands
 s - a wand of charming (5)
 u - a wand of flame (3)
 F - a wand of quicksilver (3)
 Q - a wand of polymorph (1)
 S - a wand of iceblast (6)
Scrolls
 e - a scroll of amnesia
 f - a scroll of fog
 g - a scroll of blinking
 i - 5 scrolls of identify
 k - 4 scrolls of revelation
 r - 6 scrolls of torment
 t - 4 scrolls of teleportation
 w - 3 scrolls of immolation
 y - 2 scrolls of vulnerability
 z - a scroll of brand weapon
 C - 2 scrolls of poison
 D - 2 scrolls of fear
 H - a scroll of butterflies
Potions
 a - 4 potions of lignification
 h - 6 potions of attraction
 j - 2 potions of curing
 m - 6 potions of haste
 o - a potion of mutation
 q - 3 potions of enlightenment
 G - a potion of invisibility
 I - a potion of ambrosia
 K - 3 potions of brilliance
 P - 2 potions of might
 R - a potion of heal wounds
Miscellaneous
 B - a box of beasts


   Skills:
 - Level 11.6 Fighting
 - Level 11.6 Dodging
 - Level 8.3 Stealth
 - Level 12.1 Unarmed Combat
 + Level 5.4 Spellcasting
 + Level 6.0 Summonings
 - Level 4.6 Evocations
 - Level 14.6 Shapeshifting


You had 16 spell levels left.
You knew the following spells:

 Your Spells              Type           Power      Damage    Failure   Level
a - Summon Hydra          Summ           13%        N/A       97%         7

Your spell library contained the following spells:

 Spells                   Type           Power      Damage    Failure   Level
 Call Canine Familiar     Summ           26%        N/A       1%          3
 Magic Dart               Conj           16%        1d3       5%          1
 Necrotise                Necr           16%        1d4       5%          1
 Searing Ray              Conj           8%         2d4       8%          2
 Dazzling Flash           Conj/Hex       8%         N/A       16%         3
 Hailstorm                Conj/Ice       4%         3d4       16%         3
 Sigil of Binding         Hex            4%         N/A       16%         3
 Vampiric Draining        Necr           4%         2d6       16%         3
 Volatile Blastmotes      Fire/Tloc      8%         2d10      16%         3
 Summon Ice Beast         Ice/Summ       15%        N/A       16%         4
 Summon Forest            Summ/Tloc      7%         N/A       38%         5
 Summon Mana Viper        Hex/Summ       15%        N/A       38%         5
 Fulminant Prism          Conj/Hex       2%         3d5       43%         4
 Leda's Liquefaction      Hex/Erth       2%         N/A       43%         4
 Summon Cactus Giant      Summ           13%        N/A       52%         6
 Agony                    Necr           4%         N/A       77%         5
 Eringya's Noxious Bog    Tmut/Pois      2%         4d6       99%         6
 Simulacrum               Ice/Necr       2%         N/A       99%         6
 Starburst                Conj/Fire      2%         6d3       99%         6
 Maxwell's Capacitive Co  Air            2%         ∞         100%        8
 Dimensional Bullseye     Hex/Tloc       Unusable   N/A       N/A         4

Dungeon Overview and Level Annotations

Branches:
Dungeon (14/15)            Temple (0/1) D:7            Lair (5/5) D:11
  Swamp (0/4) Lair:3        Snake (0/4) Lair:2          Orc (0/2) D:12
 Vaults (0/5) D:14
  Slime: Lair:4-5

Altars:
Ashenzari
Dithmenos
Elyvilon
Kikubaaqudgha
Makhleb
Ru
Sif Muna
Trog
Uskayaw
Vehumet
Wu Jian
Xom
Yredelemnul
Zin
The Shining One
Jiyva

Shops:
D:1 !

Annotations:
D:3 1 runed translucent door, Crazy Yiuf, Eustachio, Sigmund
D:4 exclusions: centaur, orc, orc priest and orc wizard
D:5 exclusions: adder, 2 gnolls and worm, Prince Ribbit
D:6 exclusions: vampire and wight, Dowan, Duvessa, Maggie
D:7 exclusion: 3 wights
D:8 4 transporters
D:10 3 runed translucent doors, exclusion: orange crystal statue
D:11 exclusions: cyclops and ugly thing
D:12 1 runed translucent door
D:13 1 runed translucent door, Heqer's ghost, journeyman MiFi
D:14 Nessos
Lair:4 exclusions: bullfrog, death yak, dream sheep and 1 more exclusion
Lair:5 exclusion: 2 oklob plants


Innate Abilities, Weirdness & Mutations

You are a hulking beast.
Your limbs bulge with bestial killing power. (Slay +4)
You have sharp claws.
You have razor-sharp teeth.
You have supernaturally acute eyesight. (SInv)
You cover ground quickly. (Speed+)
Your thick and shaggy fur keeps you warm. (AC +3, rC+)
Your paws help you pounce on unaware monsters.
You are incapable of wielding weapons or throwing items.
You cannot wear armour.
You gain extra lives every three experience levels.


Message History

There is a stone staircase leading down, spattered with blood here.
You start resting.
HP restored.
You climb downwards.
Level annotation: Nessos
There is a stone staircase leading up, spattered with blood here.
You start waiting.
Done waiting.
You start waiting.
A vault guard is nearby!
You start waiting.
A vault guard is nearby!
No target in view!
The vault guard shouts!
You claw the vault guard!
The vault guard is lightly wounded.
You hear a shout!
The vault guard barely misses you.
You scratch the vault guard.
The vault guard is lightly wounded.
The vault guard hits you with a +0 bardiche!!
Ouch! That really hurt!
* * * LOW HITPOINT WARNING * * *
You emit a cloud of dark smoke.
You hear a shout!
You mangle the vault guard!!
The vault guard is moderately wounded.
Your shadow hits the vault guard. The vault guard completely misses you.
You mangle the vault guard!!
The vault guard is heavily wounded.
You closely miss the vault guard.
You bite the vault guard, but do no damage.
The vault guard is heavily wounded.
The vault guard barely misses you.
You claw the vault guard!
The vault guard is severely wounded.
You scratch the vault guard.
The vault guard is severely wounded.
The vault guard barely misses you.
You mangle the vault guard!!
The vault guard is almost dead.
The vault guard completely misses you.
You barely miss the vault guard. You claw the vault guard.
The vault guard is almost dead.
Your shadow closely misses the vault guard.
You claw the vault guard!
You kill the vault guard!
Dithmenos accepts your kill. The vault guard misses you.
Your Summonings skill increases to level 6!
The vault guard attacks as it pursues you!
The vault guard hits you from afar with a +0 glaive!
* * * LOW HITPOINT WARNING * * *
You emit a cloud of dark smoke.
There is a stone staircase leading up, spattered with blood here.
You climb upwards.
Level annotation: 1 runed translucent door, Heqer's ghost, journeyman MiFi
There is a stone staircase leading down, spattered with blood here.
You start resting.
HP restored.
You climb downwards.
Level annotation: Nessos
There is a stone staircase leading up, spattered with blood here.
You see here a +0 robe.
The vault guard hits you with a +0 glaive!!
You emit a cloud of dark smoke.
There is a stone staircase leading up, spattered with blood here.
The vault guard completely misses you.
You climb upwards.
Level annotation: 1 runed translucent door, Heqer's ghost, journeyman MiFi
There is a stone staircase leading down, spattered with blood here.
You claw the vault guard!
The vault guard is lightly wounded.
The vault guard hits you with a +0 glaive!!
* * * LOW HITPOINT WARNING * * *
The vault guard misses you.
Items here: ))) [.
Items here: ))) [.
There is a stone staircase leading down, spattered with blood here.
A vault guard is nearby!
The vault guard hits you from afar with a +0 glaive!
You emit a cloud of dark smoke.
Items here: ))) [.
You scratch the vault guard but do no damage.
The vault guard completely misses you.
You scratch the vault guard.
The vault guard is lightly wounded.
The vault guard misses you.
You claw the vault guard!
The vault guard is moderately wounded.
The vault guard hits you with a +0 glaive!!
* * * LOW HITPOINT WARNING * * *
You completely miss the vault guard.
The vault guard is moderately wounded.
The vault guard hits you with a +0 glaive!!
* * * LOW HITPOINT WARNING * * *
There is a stone staircase leading down, spattered with blood here.
The vault guard attacks as it pursues you!
The vault guard hits you from afar with a +0 glaive!
You die...

#...# #.#....#
#...###.#########
##§§§.............
#§§§§..###.#######
#§§§§#####.#
#§§§.......#
#p##.#####.#
#§##.....#.#
#h##......####
#.##......).)#
#.##.......#)#
#..#.......#.#####
##.'.......#.#....
###......##.#....
#......##......
######......####....
#.............##....


You could see a vault guard.

Vanquished Creatures
  Fannar (D:10)
  4 vault guards
  5 hydras
  3 centaur warriors (D:13)
  3 two-headed ogres (D:13)
  2 boulder beetles
  3 death yaks (Lair:5)
  A skyshark (Lair:2)
  A deep elf pyromancer (D:13)
  A harpy (shapeshifter) (D:14)
  8 ugly things
  A cyclops (D:14)
  5 manticores
  15 elephants
  A torpor snail (Lair:5)
  A black mamba (Lair:3)
  9 cane toads
  A rime drake (Lair:4)
  11 komodo dragons
  4 trolls
  6 hornets
  Grinder (D:6)
  9 blink frogs
  9 polar bears
  A blink frog (shapeshifter) (D:12)
  A glass eye (Lair:5)
  6 slime creatures
  2 wraiths
  27 yaks
  6 wyverns
  A water elemental (D:14)
  A shadow (D:10)
  13 spriggans
  2 fire bats (Lair:2)
  A fire elemental (Lair:2)
  A steam dragon (D:9)
  4 basilisks
  2 nagas (Lair:2)
  A swamp worm (Lair:3)
  9 water moccasins
  4 orc warriors (D:8)
  6 black bears
  2 ogres (D:7)
  2 ice beasts (D:7)
  29 wolves
  4 boggarts (Lair:5)
  6 centaurs
  4 kobold brigands
  8 bullfrogs
  2 gnoll sergeants
  2 scorpions
  14 wights
  19 killer bees
  4 howler monkeys
  9 electric eels
  A jelly (Lair:4)
  A lava snake (Lair:2)
  6 hounds (D:11)
  6 orc priests
  2 gnoll boudas
  2 sleepcaps
  4 iguanas
  7 orc wizards
  Ijyb (D:5)
  Robin (D:2)
  19 gnolls
  3 adders
  A shadow imp (D:8)
  2 white imps
  2 ufetubi (D:5)
  3 dart slugs
  A worm (D:4)
  24 orcs
  4 endoplasms
  5 giant cockroaches
  13 hobgoblins
  3 jackals (D:3)
  26 kobolds
  A quokka (D:1)
  2 ball pythons
  6 bats
  9 frilled lizards
  14 goblins
  7 rats
  A butterfly (D:8)
475 creatures vanquished.

Vanquished Creatures (collateral kills)
  A skyshark (Lair:2)
  A blink frog (Lair:5)
  A wolf (Lair:1)
3 creatures vanquished.

Vanquished Creatures (others)
  An elephant (Lair:1)
  A yak (Lair:1)
2 creatures vanquished.

Grand Total: 480 creatures vanquished

Notes
Turn   | Place    | Note
-------+----------+-------------------------------------------
     0 | D:1      | Firecrotchwizard the Felid Shapeshifter began the quest for
                  | the Orb.
     0 | D:1      | Reached XP level 1. HP: 9/9 MP: 2/2
   224 | D:1      | Reached XP level 2. HP: 12/12 MP: 3/3
   236 | D:1      | Found Zol Exod's Distillery.
   678 | D:1      | Reached skill level 1 in Stealth
  1083 | D:2      | Reached XP level 3. HP: 15/15 MP: 4/4
  1591 | D:3      | Identified the +3 dagger of Odiyfif {speed, Str+5}
  1659 | D:3      | Noticed a scorpion
  1664 | D:3      | Killed a scorpion
  1665 | D:3      | Reached XP level 4. HP: 19/19 MP: 5/5
  1670 | D:3      | Found a faded altar of an unknown god.
  1929 | D:3      | Noticed Sigmund
  2084 | D:2      | Reached XP level 5. HP: 22/22 MP: 6/6
  2405 | D:3      | Noticed Robin
  2443 | D:2      | Killed Robin
  2560 | D:3      | Found a runed translucent door.
  2561 | D:3      | Noticed Crazy Yiuf
  2783 | D:4      | Identified a scroll of acquirement
  2783 | D:4      | Acquired the amulet "Qouhuat" {-Cast rF+ Regen+ Str+2
                  | Dex+3}
  2882 | D:4      | Found a shadowy altar of Dithmenos.
  2896 | D:4      | Became a worshipper of Dithmenos the Shadowed
  2967 | D:4      | Noticed an orc warrior
  3021 | D:4      | Reached skill level 4 in Shapeshifting
  3216 | D:4      | Noticed Eustachio
  4032 | D:3      | HP: 1/22 [iron imp[Eustachio] (8)]
  4124 | D:4      | Noticed a centaur
  4421 | D:4      | Found an ornate altar of the Wu Jian Council.
  4514 | D:5      | Entered Level 5 of the Dungeon
  4532 | D:5      | Found a glowing silver altar of Zin.
  4535 | D:5      | Found a glowing golden altar of the Shining One.
  4554 | D:5      | Gained mutation: You are covered in thick fur. (AC +2)
                  | [Felid growth]
  4554 | D:5      | Reached XP level 6. HP: 27/27 MP: 7/7
  4693 | D:5      | Noticed Ijyb
  4714 | D:5      | Killed Ijyb
  4762 | D:5      | Noticed Prince Ribbit
  4876 | D:5      | Found a white marble altar of Elyvilon.
  5116 | D:1      | Bought a potion of curing for 30 gold pieces
  5116 | D:1      | Bought a potion of curing for 30 gold pieces
  5116 | D:1      | Bought 2 potions of heal wounds for 100 gold pieces
  5116 | D:1      | Bought a potion of heal wounds for 50 gold pieces
  5258 | D:6      | Noticed Maggie
  5310 | D:6      | HP: 1/26 [wight/+2 dagger (10)]
  5310 | D:6      | Slain by a wight
  5549 | D:6      | Reached skill level 5 in Dodging
  5586 | D:6      | Found a burning altar of Makhleb.
  5594 | D:6      | Reached skill level 5 in Unarmed Combat
  5594 | D:6      | Reached XP level 7. HP: 31/31 MP: 8/8
  5757 | D:6      | Noticed a vampire
  5771 | D:6      | Noticed Duvessa
  5771 | D:6      | Noticed Dowan
  6056 | D:6      | Noticed Grinder
  6072 | D:6      | Killed Grinder
  6073 | D:6      | Reached skill level 5 in Shapeshifting
  6143 | D:7      | Found a staircase to the Ecumenical Temple.
  6217 | D:7      | Reached XP level 8. HP: 16/34 MP: 9/9
  6243 | D:7      | Found a radiant altar of Vehumet.
  6326 | D:7      | Found a hide-covered altar of Uskayaw.
  6345 | D:7      | Reached * piety under Dithmenos
  6396 | D:7      | Reached skill level 1 in Evocations
  7008 | D:7      | Reached skill level 5 in Fighting
  7465 | D:8      | Reached ** piety under Dithmenos
  7499 | D:8      | Found a bloodstained altar of Trog.
  7520 | D:8      | Reached XP level 9. HP: 30/40 MP: 10/10
  7657 | D:8      | Found a transporter.
  7779 | D:8      | Found a transporter.
  7797 | D:8      | Found a transporter.
  7832 | D:8      | Found a transporter.
  8023 | D:9      | Found a shimmering altar of Xom.
  8077 | D:8      | Reached *** piety under Dithmenos
  8197 | D:8      | Reached skill level 6 in Shapeshifting
  8209 | D:9      | Found a sacrificial altar of Ru.
  8649 | D:9      | Found an ancient bone altar of Kikubaaqudgha.
  8774 | D:8      | Reached XP level 10. HP: 25/46 MP: 11/11
  8950 | D:9      | Paralysed by a hornet for 3 turns
  8950 | D:9      | HP: 1/47 [hornet (12)]
  8951 | D:9      | Slain by a hornet
  9071 | D:9      | Reached skill level 7 in Shapeshifting
  9516 | D:10     | Entered Level 10 of the Dungeon
  9821 | D:10     | Found a runed translucent door.
  9833 | D:10     | Found a runed translucent door.
  9858 | D:10     | Reached **** piety under Dithmenos
  9869 | D:10     | Slain by a yak
  9871 | D:10     | Noticed an orange crystal statue
  9884 | D:10     | Reached skill level 10 in Dodging
  9889 | D:10     | Found a runed translucent door.
  9899 | D:10     | Found a runed translucent door.
  9942 | D:10     | Reached skill level 8 in Shapeshifting
 10133 | D:10     | Noticed Fannar
 10153 | D:10     | Killed Fannar
 10585 | D:10     | Found a basalt altar of Yredelemnul.
 10585 | D:10     | Found a faded altar of an unknown god.
 10592 | D:10     | Found a broken altar of Ashenzari.
 10594 | D:10     | Found a shimmering blue altar of Sif Muna.
 10597 | D:10     | Found a faded altar of an unknown god.
 11054 | D:11     | Noticed a cyclops
 11098 | D:11     | HP: 2/48 [electric eel/bolt of electricity (12)]
 11231 | D:11     | Reached skill level 9 in Shapeshifting
 11231 | D:11     | Reached XP level 11. HP: 50/51 MP: 12/12
 11257 | D:11     | Found a staircase to the Lair.
 11616 | D:11     | Noticed a green ugly thing
 11867 | Lair:1   | Entered Level 1 of the Lair of Beasts
 11908 | Lair:1   | Slain by a komodo dragon
 12567 | Lair:1   | Reached skill level 10 in Shapeshifting
 12922 | Lair:2   | Noticed a five-headed hydra
 12928 | Lair:2   | Killed a five-headed hydra
 12929 | Lair:2   | Noticed a skyshark
 12936 | Lair:2   | Killed a skyshark
 13314 | Lair:2   | Reached skill level 5 in Stealth
 13448 | Lair:2   | Found a staircase to the Snake Pit.
 13450 | Lair:2   | Noticed a seven-headed hydra
 13457 | Lair:2   | HP: 2/53 [seven-headed hydra (16)]
 13490 | Lair:2   | Killed a seven-headed hydra
 13491 | Lair:2   | Reached skill level 10 in Unarmed Combat
 13491 | Lair:2   | Reached skill level 11 in Shapeshifting
 13491 | Lair:2   | Gained mutation: Your thick and shaggy fur keeps you warm.
                  | (AC +3, rC+) [Felid growth]
 13491 | Lair:2   | Reached XP level 12. HP: 34/57 MP: 13/13
 13845 | Lair:2   | Found a white marble altar of Elyvilon.
 14541 | Lair:3   | Noticed a five-headed hydra
 14549 | Lair:3   | Killed a five-headed hydra
 14593 | Lair:3   | Found a staircase to the Swamp.
 14631 | Lair:3   | Reached ***** piety under Dithmenos
 14893 | Lair:3   | Reached skill level 12 in Shapeshifting
 15291 | Lair:4   | Reached skill level 10 in Fighting
 15527 | Lair:4   | Noticed a death yak
 15709 | Lair:4   | Noticed a four-headed hydra
 15716 | Lair:4   | Killed a four-headed hydra
 15749 | Lair:4   | Reached XP level 13. HP: 56/62 MP: 14/14
 16050 | Lair:4   | Found a viscous altar of Jiyva.
 16316 | Lair:5   | Entered Level 5 of the Lair of Beasts
 16459 | Lair:5   | Reached skill level 13 in Shapeshifting
 21054 | Lair:5   | Slain by a hornet
 21276 | Lair:5   | Identified the ring "Ramp" {rPois rF- rC+ Int+3}
 21338 | Lair:5   | Reached skill level 14 in Shapeshifting
 22300 | Lair:5   | Identified the +1 scale mail of Mezcal {Slay+2}
 22653 | D:12     | Found a staircase to the Orcish Mines.
 22713 | D:12     | Found a runed translucent door.
 23154 | D:12     | Learned a level 7 spell: Summon Hydra
 23353 | D:13     | Found a runed translucent door.
 23353 | D:13     | Noticed Heqer's ghost (journeyman MiFi)
 23797 | D:13     | Reached skill level 1 in Summonings
 23821 | D:13     | Reached skill level 1 in Spellcasting
 24015 | D:13     | Reached XP level 14. HP: 67/67 MP: 16/18
 24385 | D:14     | Identified the orb "Obrodwo" {guile, rN+}
 25061 | D:13     | Reached skill level 5 in Summonings
 25146 | D:14     | Noticed Nessos
 25528 | D:13     | Reached ****** piety under Dithmenos
 25645 | D:14     | Found a gate to the Vaults.
 25675 | D:14     | Reached skill level 5 in Spellcasting
 25868 | D:13     | HP: 3/67 [vault guard/+0 great mace (18)]
 26346 | D:13     | Slain by a vault guard

Illustrated notes

Levels and vault maps discovered:
D:1:      minmay_arrival_three_doors, layout_loops_ring, serial_shops,
          nicolae_shop_advertising_works [nicolae_subvault_shop_adworks]
D:2:      layout_basic, minmay_lizard_king
D:3:      layout_loops_cross, shapermc_ecumenical_altar_petra, uniq_robin,
          uniq_sigmund, uniq_crazy_yiuf_cottage
D:4:      layout_cave_pods, mainiacjoe_overflow_concentric_impassable,
          pdpol_wu_jian_five_deadly_venoms, guppyfry_early_orc_mine,
          uniq_eustachio
D:5:      layout_basic, good_gods_temple_1, nicolae_grassy_gnolls,
          uniq_prince_ribbit1, uniq_ijyb
D:6:      minmay_cornered_nines, layout_loops_ring,
          lemuel_coloured_pillars_altar, kennysheep_mini_moat, uniq_maggie,
          uniq_grinder, uniq_duvessa
D:7:      layout_basic, nicolae_uskayaw_dance_studio, nicolae_vehumet_radiance,
          minmay_temple_entry_hall, nicolae_zig_zag_zippers
D:8:      layout_loops_ring, trog_three_pillars_becter,
          nicolae_transporter_circle
D:9:      layout_cross, overflow_temple_1_default, kiku_gazebo_garden_becter,
          xom_butterflies, serial_park, serial_park_tiny_2, serial_park_paths
          [serial_park_minivault_5x5_2], serial_park_tiny_2, serial_park_square1
          [serial_park_minivault_5x5_4], enter_bailey_5, nicolae_the_louvre
D:10:     layout_irregular_city, chequers_temple_overflow_minitemple,
          minmay_statue_crystal_thing, uniq_fannar
D:11:     layout_loops_corners, erik_lair_island
D:12:     gammafunk_mikee_crab_dinner, layout_loops_ring, orc_0_dummy
D:13:     layout_basic, hellmonk_ghost_happy_afterlife
D:14:     layout_rooms, erik_vaults_2, minmay_misc_feat_rows,
          kennysheep_small_spiral, makhleb_altar_promises_db, uniq_nessos
Lair:1:   layout_misc_corridors, gauntlet_entry_generic, beast_lair_carwin_11
Lair:2:   beargit_carnivore_pack, layout_gridlike, guppyfry_snake_entry_island,
          basic_altar
Lair:3:   layout_gridlike, nicolae_swamp_entry_splash_gauntlet,
          grunt_megastairs_2, infiniplex_staircase_pool, lemuel_fruit_fields
Lair:4:   layout_cave_pods, slime_entry_2, minivault_27,
          grunt_forest_stairs_clearing, lemuel_fruit_fields,
          infiniplex_staircase_pool_2, grunt_megastairs_3
Lair:5:   minmay_lair_end_enchanted_forest, layout_hall_layers,
          chequers_serial_rivers_micro_c, disabler_island

Skill      XL: |  1  2  3  4  5  6  7  8  9 10 11 12 13 14 |
---------------+-------------------------------------------+-----
Dodging        | 3 4 5 6 7 9 10 11 | 11.6
Stealth        | 1 2 3 5 8 |  8.3
Unarmed Combat | 4 5 6 7 8 10 11 12 | 12.1
Fighting       | 2 3 4 5 6 8 9 10 11 | 11.6
Shapeshifting  | 4 5 6 9 11 12 14 | 14.6
Evocations     | 3 4 |  4.6
Summonings     | 2 6 |  6.0
Spellcasting   | 2 5 |  5.4

Action                     |  1- 3 |  4- 6 |  7- 9 | 10-12 | 13-15 || total
---------------------------+-------+-------+-------+-------+-------++-------
  Melee: Unarmed           |    74 |   160 |   344 |   605 |   659 ||  1842
         Bite              |     6 |    17 |    40 |   113 |   114 ||   290
         Punch             |     1 |     7 |    21 |    53 |    70 ||   152
  Evoke: Wand              |       |       |     7 |    43 |     1 ||    51
         Box of beasts     |       |       |       |     1 |     1 ||     2
    Use: Scroll            |       |    18 |       |     9 |     2 ||    29
         Potion            |       |       |     5 |     8 |     8 ||    21
   Stab: Sleeping          |     5 |     3 |     3 |    16 |    13 ||    40
         Distracted        |       |     1 |     1 |    12 |     7 ||    21
 Armour: Skin              |    15 |    49 |   113 |   125 |   148 ||   450
  Dodge: Dodged            |    35 |   158 |   478 |   711 |   645 ||  2027

Table legend: (Time is in decaauts)
 A = Elapsed time spent in this place.
 B = Non-inter-level travel time spent in this place.
 C = Inter-level travel time spent in this place.
 D = Time resting spent in this place.
 E = Time spent auto-exploring this place.
 F = Levels seen in this place.
 G = Mean time per level.
                   A        B        C        D        E       F      G
               +--------+--------+--------+--------+--------+-----+--------+
         Total |  23384 |  22426 |    958 |   9568 |   8410 |  19 | 1230.7 |
       Dungeon |  13565 |  12807 |    758 |   3771 |   6367 |  14 |  968.9 |
          Lair |   9819 |   9620 |    199 |   5797 |   2043 |   5 | 1963.8 |
               +--------+--------+--------+--------+--------+-----+--------+

Top non-repeatable levels by time:
  Lair:5: 5415 daAuts
    D:13: 1733 daAuts
     D:3: 1720 daAuts
  Lair:2: 1419 daAuts
  Lair:4: 1365 daAuts
    D:10: 1155 daAuts
     D:8: 1087 daAuts
     D:7: 1001 daAuts
  Lair:1: 994 daAuts
    D:14: 974 daAuts
     D:9: 895 daAuts
    D:11: 879 daAuts
     D:4: 870 daAuts
     D:2: 778 daAuts
     D:1: 723 daAuts
